Map: [ESL] Ancient Cistern

Players

herO

  • Race: Protoss Protoss
  • Spawn Location: 7:00

NightMare - Winner!

  • Race: Protoss Protoss
  • Spawn Location: 1:00

VOD

https://youtu.be/mMsam6d3GB8

Description

Time

  • Played on: July 6, 2023, 4:57 a.m.
  • Length: 10:45
Show
View Real Time Build Order
Export as new Build Order

herO Protoss 

Build Orders:  

Get SALT Encoding   

  12  0:00  Probe  
  13  0:12  Probe  
  14  0:17  Pylon  
  14  0:24  Probe (Chrono Boost)  
  16  0:36  Probe (Chrono Boost)  
  16  0:37  Gateway  
  16  0:43  Probe (Chrono Boost)  
  16  0:47  Assimilator  
  17  0:50  Probe  
  18  1:01  Assimilator  
  18  1:03  Probe (Chrono Boost)  
  19  1:07  Gateway  
  20  1:12  Probe (Chrono Boost)  
  20  1:17  Probe (Chrono Boost)  
  20  1:24  Cybernetics Core  
  21  1:29  Probe  
  21  1:34  Pylon  
  21  1:41  Probe  
  22  1:53  Probe  
  23  1:57  Warp Gate (Chrono Boost)  
  23  2:00  Adept x2  
  27  2:10  Pylon  
  27  2:30  Adept x2  
  31  2:48  Probe  
  32  2:59  Adept  
  32  3:00  Adept  
  36  3:12  Nexus  
  36  3:13  Pylon  
  36  3:17  Probe  
  37  3:29  Probe  
  37  3:33  Robotics Facility  
  38  3:40  Adept x2  
  43  3:41  Probe  
  41  3:53  Probe  
  41  3:54  Shield Battery  
  40  4:02  Shield Battery  
  40  4:06  Stalker  
  42  4:11  Twilight Council  
  42  4:12  Stalker  
  42  4:16  Probe  
  45  4:27  Probe  
  45  4:28  Probe  
  47  4:37  Stalker x2  
  45  4:42  Blink (Chrono Boost)  
  39  5:00  Stalker  
  39  5:01  Stalker  
  43  5:08  Pylon  
  43  5:17  Stalker x2  
  43  5:18  Probe  
  48  5:23  Probe  
  48  5:28  Gateway  
  49  5:36  Gateway  
  49  5:40  Sentry  
  50  5:43  Stalker  
  51  5:50  Probe x2  
  51  6:02  Probe x2  
  51  6:07  Stalker x2  
  51  6:09  Phoenix  
  55  6:14  Probe x2  
  55  6:17  Pylon  
  57  6:25  Stalker  
  58  6:32  Stalker  
  62  6:36  Stalker x2  
  64  6:47  Probe  
  64  6:52  Stalker  
  67  6:59  Stalker  
  69  7:04  Pylon, Assimilator  
  69  7:11  Probe x2  
  65  7:22  Stalker x4  
  73  7:24  Probe x2  
  75  7:33  Robotics Facility  
  75  7:36  Probe x2  
  75  7:43  Pylon  
  65  7:48  Probe x2  
  58  7:59  Stalker  
  58  8:00  Stalker x2  
  58  8:03  Sentry  
  58  8:05  Probe x2  
  63  8:21  Observer (Chrono Boost)  
  63  8:23  Stalker  
  63  8:24  Probe x2, Phoenix  
  68  8:41  Warp Prism (Chrono Boost)  
  70  8:58  Observer  
  70  9:00  Dark Shrine  
  70  9:04  Pylon  
  70  9:13  Nexus  
  70  9:15  Pylon  
  70  9:28  Probe  
  70  9:30  Observer (Chrono Boost)  
  70  9:31  Probe  
  70  9:40  Sentry  
  70  9:43  Shield Battery  
  73  9:46  Immortal (Chrono Boost)  
  75  9:53  Pylon  
  75  9:59  Pylon  
  74  10:07  Pylon  
  74  10:08  Pylon  
  74  10:13  Dark Templar  
  74  10:14  Dark Templar  
  78  10:20  Dark Templar  
Show
View Real Time Build Order
Export as new Build Order

NightMare Protoss - Winner!

Build Orders: Oracle Opening 

Get SALT Encoding   

  12  0:00  Probe  
  13  0:12  Probe  
  14  0:19  Pylon  
  14  0:24  Probe  
  15  0:38  Probe (Chrono Boost), Gateway  
  16  0:46  Probe (Chrono Boost)  
  16  0:47  Assimilator  
  17  0:52  Probe (Chrono Boost)  
  18  0:57  Assimilator  
  19  1:04  Probe (Chrono Boost)  
  19  1:08  Gateway  
  19  1:13  Probe (Chrono Boost)  
  20  1:18  Probe  
  20  1:25  Cybernetics Core  
  21  1:32  Probe  
  22  1:44  Probe, Pylon  
  23  1:59  Warp Gate (Chrono Boost)  
  23  2:02  Probe, Sentry  
  26  2:19  Nexus  
  26  2:25  Pylon  
  30  2:38  Adept x2  
  29  2:50  Stargate  
  29  2:58  Shield Battery  
  29  3:08  Pylon  
  29  3:11  Adept  
  32  3:28  Shield Battery  
  32  3:31  Oracle (Chrono Boost)  
  32  3:32  Probe  
  33  3:36  Shield Battery  
  35  3:43  Probe  
  35  3:44  Probe  
  33  3:55  Probe  
  33  3:56  Probe  
  33  4:01  Adept x2  
  39  4:06  Oracle (Chrono Boost)  
  39  4:08  Probe x2  
  44  4:20  Probe x2  
  46  4:27  Adept  
  46  4:29  Adept  
  46  4:32  Probe  
  46  4:33  Probe  
  43  4:44  Probe  
  43  4:45  Probe  
  45  4:55  Twilight Council  
  45  4:56  Probe  
  45  4:57  Probe  
  45  4:59  Stalker  
  49  5:02  Stalker  
  51  5:07  Pylon  
  51  5:09  Probe  
  51  5:10  Probe  
  54  5:21  Probe  
  54  5:24  Blink (Chrono Boost)  
  54  5:25  Probe  
  54  5:27  Gateway  
  55  5:33  Stalker  
  55  5:35  Probe  
  58  5:37  Probe  
  59  5:49  Dark Shrine, Assimilator  
  57  5:50  Pylon  
  57  5:51  Probe x2  
  59  6:03  Probe x2  
  55  6:04  Pylon, Gateway  
  55  6:08  Stalker  
  57  6:12  Stalker  
  57  6:17  Shield Battery  
  59  6:26  Stalker  
  59  6:32  Stalker  
  63  6:38  Probe x2  
  65  6:40  Pylon x2  
  65  6:42  Pylon, Stalker  
  66  6:50  Probe x2, Stalker  
  70  6:57  Stalker  
  70  6:58  Gateway  
  72  7:05  Stalker x2  
  72  7:23  Dark Templar x2  
  74  7:33  Stalker  
  74  7:34  Pylon  
  74  7:45  Nexus  
  74  7:54  Stalker  
  74  7:55  Stalker  
  74  7:56  Stalker  
  76  8:01  Stalker  
  76  8:02  Probe x2  
  80  8:07  Pylon  
  80  8:10  Pylon  
  80  8:17  Gateway  
  80  8:18  Gateway  
  80  8:19  Stalker  
  82  8:20  Stalker  
  84  8:27  Stalker x2  
  84  8:31  Pylon  
  84  8:33  Stalker  
  90  8:41  Probe x2  
  90  8:44  Shield Battery  
  92  8:58  Probe  
  92  9:00  Stalker x4  
  101  9:05  Pylon  
  101  9:07  Stalker  
  103  9:19  Stalker x2  
  107  9:25  Pylon, Stalker x2  
  111  9:34  Stalker x2  
  113  9:39  Probe x3  
  113  9:40  Assimilator  
  113  9:44  Pylon, Stalker  
  118  10:06  Forge  
  118  10:08  Pylon  
  118  10:14  Gateway, Stalker x2  
  118  10:15  Stalker x4  
  118  10:17  Probe, Assimilator  
  118  10:18  Probe  
  118  10:20  Probe  
  133  10:25  Pylon  
  133  10:27  Shield Battery  
  133  10:33  Robotics Facility  
  132  10:43  Pylon  
Tags
 
Add a new tag
Caveats
  • Supply blocks, unpowered buildings, or Contaminate may cause inaccurate times.
  • Supply counts are checked every 10 seconds.